AoeStats
← Mithridates VI.

Fortress

509979222Analyzed
4v4 RM · 2d ago on Sep 28, 2026· 50m 15s· 8 players
Game mode
Random Map
Map size
Huge
Population
200
Speed
Normal
Resources
Standard
Victory
Conquest
Starting age
Dark Age
Ending age
Imperial Age
RankedLock teamsTeams togetherTeam positionsShared explorationLock speedFull tech treeHidden civsTurbo modeCheats
Victory
Defeat
🇨🇱 Poles · Chile
923
+14
🇺🇸 Saxons · United States
899
+15
🇨🇱 Celts · Chile
863
+17
🇵🇪 Celts · Peru
780
+21
🇩🇪 Celts · Germany
909
-17
🇩🇪 Romans · Germany
907
-18
🇩🇪 Varangians · Germany
878
-17
🇩🇪 Britons · Germany
839
-15
Matcauthon77
8:14 Feudal Age
8:48 Double-Bit Axe
8:46 Horse Collar
13:27 Castle Age
11:37 Gold Mining
12:40 Stone Mining
14:24 Arson
14:51 Squires
16:57 Wheelbarrow
18:33 Forging
18:23 Scale Mail Armor
19:47 Town Watch
23:39 Bow Saw
25:14 Chain Mail Armor
25:34 Man-at-Arms
28:23 Hand Cart
31:32 Imperial Age
29:45 Long Swordsman
30:11 Gambesons
31:48 Two-Handed Swordsman
33:43 Conscription
32:44 Shield Wall
34:05 Loom
34:56 Iron Casting
35:13 Elite Hearth Troop
38:20 Ballistics
39:01 Chemistry
38:07 Siege Engineers
38:37 Plate Mail Armor
39:44 Elite Varangian Guard
44:57 Champion
48:53 Masonry
xRorro96x
7:03 Feudal Age
8:22 Wheelbarrow
7:36 Double-Bit Axe
9:27 Horse Collar
13:22 Castle Age
14:05 Heavy Plow
14:24 Hand Cart
14:49 Bow Saw
21:23 Town Watch
22:10 Stone Mining
27:36 Gold Mining
30:32 Imperial Age
28:58 Stone Shaft Mining
32:03 Gold Shaft Mining
33:27 Conscription
33:18 Furor Celtica
32:33 Cavalier
34:00 Elite Woad Raider
35:06 Caravan
35:07 Capped Ram
36:17 Forging
36:13 Scale Barding Armor
36:09 Scale Mail Armor
36:41 Siege Ram
38:49 Heavy Scorpion
40:45 Iron Casting
40:26 Chain Mail Armor
39:54 Paladin
44:09 Blast Furnace
43:41 Plate Mail Armor
45:42 Ballistics
46:26 Chemistry
49:58 Husbandry
MiguelAngel
8:49 Feudal Age
9:21 Horse Collar
9:34 Double-Bit Axe
15:37 Castle Age
17:12 Gold Mining
21:55 Imperial Age
20:34 Bow Saw
23:08 Wheelbarrow
23:59 Heavy Plow
26:28 Hand Cart
27:44 Elite Woad Raider
29:10 Caravan
30:22 Conscription
31:12 Heavy Scorpion
32:31 Forging
32:21 Scale Mail Armor
35:42 Gold Shaft Mining
35:00 Stone Mining
37:57 Chemistry
37:18 Ballistics
36:55 Murder Holes
36:47 Cavalier
37:27 Husbandry
37:41 Furor Celtica
37:23 Stronghold
38:09 Siege Engineers
38:18 Fortified Wall
40:24 Masonry
40:38 Chain Mail Armor
40:59 Iron Casting
44:28 Plate Mail Armor
44:58 Blast Furnace
43:50 Gambesons
43:51 Arson
46:21 Paladin
49:46 Scale Barding Armor
Maldotroid
8:27 Feudal Age
10:25 Double-Bit Axe
10:41 Horse Collar
12:28 Scale Barding Armor
14:34 Castle Age
12:58 Bloodlines
15:39 Szlachta Privileges
16:47 Wheelbarrow
23:17 Chain Barding Armor
23:10 Heavy Plow
23:52 Forging
25:33 Loom
25:35 Town Watch
25:46 Gold Mining
26:13 Bow Saw
26:42 Treadmill Crane
29:39 Stone Mining
33:12 Imperial Age
31:41 Hand Cart
32:04 Iron Casting
31:54 Husbandry
34:16 Conscription
33:40 Cavalier
36:04 Scale Mail Armor
37:05 Blast Furnace
37:42 Crop Rotation
38:00 Stone Shaft Mining
38:06 Chain Mail Armor
39:19 Masonry
39:19 Fortified Wall
40:30 Plate Mail Armor
39:51 Fletching
41:05 Chemistry
40:26 Ballistics
41:21 Murder Holes
43:02 Bombard Tower
43:06 Bodkin Arrow
43:21 Town Patrol
46:05 Man-at-Arms
46:46 Squires
46:32 Arson
49:52 Coinage
49:22 Long Swordsman
50:00 Two-Handed Swordsman
IAMFifaAddicted
9:36 Feudal Age
14:22 Castle Age
12:20 Stone Mining
12:11 Horse Collar
12:38 Double-Bit Axe
13:55 Loom
16:01 Gold Mining
19:11 Wheelbarrow
18:57 Heavy Plow
19:35 Gold Shaft Mining
20:55 Bow Saw
29:55 Imperial Age
27:42 Hand Cart
27:13 Town Watch
27:39 Ballistas
26:59 Pikeman
28:50 Forging
28:41 Scale Mail Armor
28:46 Scale Barding Armor
28:32 Fletching
31:01 Conscription
31:02 Husbandry
31:13 Bloodlines
31:29 Chain Barding Armor
31:46 Iron Casting
31:42 Elite Centurion
32:35 Ballistas
36:17 Siege Engineers
37:25 Chemistry
38:28 Plate Barding Armor
38:11 Squires
39:56 Heavy Scorpion
43:15 Halberdier
44:08 Caravan
44:57 Light Cavalry
50:00 Town Patrol
Chasen Statham
0:50 Loom
10:04 Feudal Age
11:09 Double-Bit Axe
11:10 Horse Collar
11:55 Arson
14:34 Castle Age
12:46 Gold Mining
13:12 Scale Mail Armor
13:23 Forging
13:10 Town Watch
14:14 Wheelbarrow
14:50 Stone Mining
15:38 Chain Mail Armor
15:34 Squires
15:54 Heavy Plow
17:39 Iron Casting
17:36 Fletching
19:18 Masonry
22:23 Hand Cart
27:28 Imperial Age
26:18 Fortified Wall
26:18 Bodkin Arrow
27:44 Ballistics
27:16 Guard Tower
28:54 Architecture
29:32 Chemistry
29:52 Bracer
30:28 Gothikon
32:36 Plate Mail Armor
33:21 Elite Varangian Guard
36:08 Conscription
37:16 Blast Furnace
Rockefeller
10:06 Feudal Age
11:29 Horse Collar
13:52 Castle Age
11:40 Double-Bit Axe
12:47 Forging
12:38 Scale Mail Armor
12:47 Gold Mining
14:52 Bow Saw
19:09 Fletching
20:15 Pikeman
22:45 Town Watch
23:58 Wheelbarrow
26:39 Heavy Plow
28:41 Loom
31:31 Imperial Age
29:04 Arson
29:05 Gambesons
28:44 Man-at-Arms
31:24 Stronghold
32:53 Iron Casting
32:34 Chain Mail Armor
32:02 Halberdier
33:07 Hand Cart
33:50 Conscription
35:15 Hoardings
35:05 Capped Ram
36:17 Furor Celtica
37:44 Gold Shaft Mining
37:43 Elite Woad Raider
39:05 Siege Ram
41:03 Caravan
43:23 Blast Furnace
42:54 Plate Mail Armor
42:20 Bodkin Arrow
42:43 Masonry
Mithridates VI.
9:38 Feudal Age
14:23 Castle Age
12:38 Double-Bit Axe
12:36 Horse Collar
15:42 Heavy Plow
15:35 Stone Mining
16:30 Padded Archer Armor
19:31 Bow Saw
21:35 Leather Archer Armor
22:15 Gold Mining
23:45 Gold Shaft Mining
23:49 Ballistics
26:20 Wheelbarrow
27:23 Yeomen
31:06 Imperial Age
33:50 Chemistry
33:59 Fortified Wall
37:23 Capped Ram
39:17 Pikeman
39:52 Arson
40:12 Scale Mail Armor
40:23 Forging
40:46 Conscription
40:39 Halberdier
42:36 Squires
42:23 Gambesons
42:03 Elite Longbowman
43:43 Ring Archer Armor
43:18 Squires
Connection lost

Rejoining the realm…

Still unreachable

The connection could not be restored.

Session expired

The server has moved on; the page needs a fresh start.